 Dungeon Crawl Stone Soup version 0.14.1-1-g650416f (webtiles) character file.

294 CannedBean the Chopper (level 5, 0/47 HPs)
             Began as a Minotaur Berserker on May 12, 2014.
             Was an Elder of Trog.
             Killed from afar by an oklob plant (1 damage)
             ... with a splash of acid
             ... on Level 3 of the Dungeon.
             The game lasted 00:07:38 (1949 turns).

CannedBean the Chopper (Minotaur Berserker)         Turns: 1949, Time: 00:07:38

HP   0/47        AC 11     Str 23      XL: 5   Next:  7%
MP   2/2         EV  6     Int  4      God: Trog [****..]
Gold 147         SH  0     Dex  9      Spells:  0 memorised,  4 levels left

rFire  . . .     SeeInvis .     a - +0 hand axe
rCold  . . .     Clarity  .     h - -1 plate armour
rNeg   . . .     Conserve .     (no shield)
rPois  .         rCorr    .     (helmet restricted)
rElec  .         rRot     .     i - +0 cloak (curse)
SustAb . .       Spirit   .     (no gloves)
rMut   .         Warding  .     (no boots)
Saprov . . .     Stasis   .     (no amulet)
MR     .....                    (no ring)
                                (no ring)

@: exhausted, slowed, very slow, not resistant to hostile enchantments,
extremely unstealthy
A: retaliatory headbutt, horns 2
a: Burn Spellbooks, Berserk, Trog's Hand, Brothers in Arms, Renounce Religion


You were on level 3 of the Dungeon.
You worshipped Trog.
Trog was greatly pleased with you.
You were very full.

You visited 1 branch of the dungeon, and saw 3 of its levels.

You collected 147 gold pieces.

Inventory:

Hand weapons
 a - a +0,+0 hand axe (weapon)
Armour
 b - a +0 animal skin
 h - a -1 plate armour (worn)
 i - a cursed +0 cloak (worn)
Magical devices
 p - a wand of disintegration (17) {unknown}
Comestibles
 c - 2 bread rations
 k - a pear
 u - a banana
 z - an apple
 A - a beef jerky
Scrolls
 e - 4 scrolls of remove curse
 f - a scroll of identify {unknown}
 m - a scroll of enchant weapon I {unknown}
 r - a scroll of magic mapping {unknown}
 s - 3 scrolls of amnesia {unknown}
 w - a scroll of recharging
 x - a scroll of enchant weapon II {unknown}
 y - a scroll of teleportation {unknown}
Jewellery
 g - a cursed +3 ring of evasion {unknown}
 l - an uncursed ring of protection from magic {unknown}
 q - an uncursed ring of sustenance {unknown}
Potions
 d - 2 potions of curing
 j - 3 potions of agility {unknown}
 n - a potion of paralysis {unknown}
 o - 2 potions of brilliance {unknown}
 t - 2 potions of haste {unknown}
 v - a potion of poison {unknown}


   Skills:
 * Level 4.5 Fighting
 + Level 5.0 Axes
 + Level 3.0 Armour
 - Level 3.7 Dodging


You had 4 spell levels left.
You didn't know any spells.

Dungeon Overview and Level Annotations

Branches:
Dungeon (3/15)

Altars:
Dithmenos
Fedhas

Annotations:
D:3 exclusion: oklob plant


Innate Abilities, Weirdness & Mutations

You reflexively headbutt those who attack you in melee.
You have a pair of horns on your head.


Message History

A red film seems to cover your vision as you go berserk!
You feel yourself moving faster!
You feel mighty!
You feel somewhat less full.
You feel a strong urge to attack something.
The oklob plant spits acid at you. The splash of acid hits you!
The acid burns!
* * * LOW HITPOINT WARNING * * *
You feel your anger subside.
You see here an apricot.
You hit the oklob plant but do no damage.
You hit the fungus.
The fungus is lightly damaged.
You slash the plant!
The plant is lightly damaged.
You are no longer berserk.
You are exhausted.
You feel yourself slow down. The oklob plant spits acid at you.
The splash of acid hits you!
The acid burns!
* * * LOW HITPOINT WARNING * * *
You die... ############ #......>.... ### ############### ....####.#### #Pf##..#PP.f.PfPP.# ##....##.# #fPPPfffPPfPPf%#Pf# #........# PPP#PPP.PPPPfP.%Pf# #...)....#### ##.Pf..P.fPPfPP.@P#

#............
P##........fffP.f##.#.##.....####
fPf..≈≈≈≈≈..f#P.Pf#..........#
P#..≈≈≈≈≈≈≈..#.PfP###.#...##.##
P..≈≈≈≈≈≈≈≈≈...Pf##..........<###
..≈≈≈≈≈≈≈≈≈≈≈.PfPf#..............
#.≈≈≈≈...≈≈≈≈.PPff#.####.###.####
..≈≈≈≈._...%...f.P# .............
#.≈≈≈≈...≈≈≈{.#PP## ###.##..####


You could see an oklob plant.

Vanquished Creatures
  A big fish (D:3)
  3 adders
  A giant gecko (D:1)
  2 orcs (D:3)
  2 ball pythons
  8 bats
  9 goblins
  7 hobgoblins
  8 jackals (D:2)
  2 oozes
  A quokka (D:2)
  3 giant newts
  4 kobolds
  40 rats
  2 plants (D:3)
93 creatures vanquished.

Notes
Turn   | Place    | Note
--------------------------------------------------------------
     0 | D:1      | CannedBean, the Minotaur Berserker, began the quest for the Orb.
     0 | D:1      | Reached XP level 1. HP: 19/19 MP: 1/1
   114 | D:1      | Reached XP level 2. HP: 16/27 MP: 1/1
   118 | D:1      | Reached skill level 4 in Axes
   578 | D:1      | Acquired Trog's second power
   997 | D:2      | Reached XP level 3. HP: 31/33 MP: 2/2
  1164 | D:2      | Reached XP level 4. HP: 38/41 MP: 2/2
  1266 | D:2      | Found a shadowy altar of Dithmenos.
  1349 | D:2      | Acquired Trog's third power
  1859 | D:3      | Found a blossoming altar of Fedhas.
  1875 | D:3      | Reached skill level 5 in Axes
  1875 | D:3      | Reached XP level 5. HP: 38/47 MP: 2/2
  1887 | D:3      | Noticed an oklob plant
  1949 | D:3      | HP: 1/47 [acid (11)]
  1949 | D:3      | Killed from afar by an oklob plant

Action                   |  1- 3 |  4- 6 || total
-------------------------+-------+-------++-------
Melee: Hand axe          |   103 |   127 ||   230
Invok: Berserk           |       |     1 ||     1
  Use: Scroll            |     5 |       ||     5
       Potion            |     2 |       ||     2
